Map: Frozen Temple

Players

Amix - Winner!

  • Race: Zerg Zerg
  • League: Platinum
  • Spawn Location: 5:00

SBB

  • Race: Protoss Protoss
  • League: Platinum
  • Spawn Location: 11:00

VOD

Have the link to the VOD?

Description

Time

  • Played on: Nov. 15, 2016, 12:44 p.m.
  • Length: 12:41
Show
View Real Time Build Order
Export as new Build Order

Amix Zerg - Winner!

Build Orders: Hatch First 

Get SALT Encoding   

  12  0:01  Drone  
  13  0:12  Overlord  
  13  0:18  Drone  
  14  0:31  Drone x2  
  14  0:34  Drone  
  17  0:54  Hatchery  
  17  0:57  Drone  
  17  1:00  Drone  
  18  1:12  Extractor  
  17  1:23  Spawning Pool  
  17  1:24  Drone  
  17  1:27  Drone  
  17  1:30  Drone  
  19  1:41  Drone  
  20  1:50  Drone  
  22  2:01  Drone  
  22  2:08  Drone  
  23  2:13  Queen x2  
  23  2:15  Metabolic Boost  
  27  2:16  Drone  
  28  2:23  Overlord  
  28  2:34  Drone, Extractor  
  28  2:35  Drone, Extractor  
  28  2:42  Drone x2  
  28  2:43  Drone  
  33  2:49  Drone  
  34  2:55  Pneumatized Carapace  
  34  2:56  Queen  
  36  2:59  Overlord  
  36  3:17  Zergling x6  
  40  3:20  Drone  
  40  3:28  Drone x4  
  40  3:31  Hatchery  
  43  3:45  Drone  
  44  3:54  Overlord  
  44  3:55  Overlord x2  
  44  4:08  Lair  
  44  4:11  Roach Warren  
  44  4:16  Drone, Evolution Chamber x2  
  44  4:17  Drone x7, Extractor  
  43  4:18  Extractor  
  47  4:26  Queen  
  49  4:40  Drone x4  
  49  4:41  Drone x2  
  55  4:49  Zerg Melee Weapons Level 1  
  55  5:07  Extractor  
  55  5:11  Glial Reconstitution  
  54  5:16  Hydralisk Den  
  54  5:17  Roach x4  
  54  5:18  Roach  
  54  5:19  Drone x3  
  66  5:24  Overlord  
  66  5:42  Queen x2  
  66  5:43  Drone x4  
  74  5:58  Overlord x6  
  74  6:00  Overlord  
  74  6:10  Overlord x2  
  74  6:16  Drone  
  75  6:22  Zergling x12  
  75  6:23  Zergling x6  
  84  6:38  Zergling x16  
  91  6:45  Hydralisk  
  93  7:01  Hatchery  
  92  7:05  Hydralisk x7  
  92  7:06  Hydralisk x3  
  112  7:10  Muscular Augments  
  112  7:13  Zerg Ground Armor Level 1, Zerg Missile Weapons Level 1  
  112  7:16  Drone x4  
  112  7:22  Extractor x2  
  114  7:44  Overseer  
  114  7:48  Overlord x5  
  114  8:00  Zergling x12  
  114  8:01  Roach x5  
  114  8:03  Overseer x2  
  130  8:17  Roach x4  
  138  8:32  Overlord x3  
  138  8:33  Overlord x4  
  138  8:52  Hydralisk x5  
  138  8:53  Hydralisk x3  
  154  9:03  Roach x3  
  160  9:10  Zerg Missile Weapons Level 2  
  160  9:11  Zerg Ground Armor Level 2  
  160  9:18  Drone x3  
  160  9:19  Drone x4  
  167  9:28  Extractor x2  
  165  9:46  Hatchery  
  160  10:24  Hydralisk x7  
  160  10:25  Hydralisk x8  
  160  10:26  Hydralisk x3  
  195  11:00  Roach x2  
  146  11:50  Hydralisk x5  
  146  11:51  Hydralisk  
  146  11:52  Roach x7  
  146  11:53  Roach x9  
  146  11:54  Roach x4  
Show
View Real Time Build Order
Export as new Build Order

SBB Protoss 

Build Orders: 1 Gate Expand 

Get SALT Encoding   

  12  0:01  Probe (Chrono Boost)  
  13  0:12  Probe (Chrono Boost)  
  14  0:22  Pylon  
  14  0:28  Probe (Chrono Boost)  
  15  0:47  Probe (Chrono Boost), Gateway  
  16  0:51  Assimilator  
  16  0:58  Probe (Chrono Boost)  
  16  1:27  Nexus  
  16  1:45  Probe (Chrono Boost)  
  17  1:49  Cybernetics Core  
  17  1:55  Pylon  
  17  1:57  Probe (Chrono Boost)  
  18  2:04  Zealot (Chrono Boost)  
  18  2:08  Probe  
  21  2:20  Probe  
  22  2:24  Assimilator  
  22  2:32  Mothership Core  
  24  2:41  Warp Gate (Chrono Boost)  
  24  2:53  Probe  
  25  2:59  Probe  
  26  3:05  Probe  
  26  3:11  Probe  
  28  3:13  Twilight Council  
  28  3:15  Gateway  
  28  3:18  Gateway  
  28  3:23  Pylon  
  28  3:28  Probe  
  28  3:33  Stalker  
  29  3:35  Pylon  
  31  3:46  Probe  
  31  3:47  Probe  
  33  4:09  Blink (Chrono Boost)  
  33  4:15  Probe  
  33  4:16  Probe  
  35  4:33  Robotics Facility  
  35  4:36  Pylon  
  36  4:45  Probe  
  36  4:46  Probe  
  36  4:50  Stalker x2  
  36  4:51  Stalker  
  43  4:58  Gateway  
  43  5:17  Pylon  
  43  5:19  Assimilator  
  43  5:20  Pylon  
  43  5:22  Probe  
  43  5:23  Probe  
  43  5:26  Stalker x2  
  43  5:27  Pylon  
  49  5:34  Probe  
  49  5:35  Probe  
  51  5:37  Immortal (Chrono Boost)  
  55  5:46  Probe  
  55  5:48  Stalker  
  55  5:49  Stalker  
  60  6:01  Robotics Bay  
  60  6:08  Stalker  
  62  6:23  Stalker  
  62  6:24  Stalker  
  66  6:45  Probe, Assimilator  
  66  6:46  Probe  
  68  6:54  Extended Thermal Lance (Chrono Boost)  
  68  6:58  Probe x2  
  70  7:09  Stalker  
  70  7:10  Stalker  
  74  7:28  Stalker  
  76  7:34  Sentry  
  78  7:49  Nexus  
  78  7:53  Gateway, Pylon  
  78  7:55  Gateway, Pylon  
  78  7:56  Pylon  
  78  7:57  Gateway  
  78  7:59  Pylon  
  78  8:02  Gateway  
  78  8:04  Gateway  
  78  8:05  Stalker  
  78  8:06  Stalker x2  
  78  8:07  Pylon  
  78  8:09  Pylon  
  84  8:35  Stalker x3  
  90  8:44  Probe  
  90  8:45  Probe  
  92  8:56  Probe  
  92  8:57  Probe  
  92  9:01  Charge  
  92  9:02  Colossus (Chrono Boost)  
  100  9:20  Probe  
  100  9:21  Probe x2  
  103  9:33  Stalker x2, Probe  
  108  9:43  Forge  
  108  9:47  Forge  
  108  9:49  Pylon  
  108  9:50  Colossus (Chrono Boost)  
  108  9:51  Zealot x3  
  108  9:52  Zealot x3  
  118  10:09  Probe  
  118  10:10  Probe  
  118  10:11  Probe  
  121  10:22  Probe  
  122  10:30  Zealot x6  
  122  10:31  Zealot x3  
  140  11:16  Colossus (Chrono Boost)  
  126  11:28  Zealot x3  
  126  11:29  Zealot x2  
  55  11:53  Zealot x6  
  55  11:54  Zealot x3  
  61  12:18  Zealot x3  
  61  12:19  Zealot x2  
Tags
 
Add a new tag
Caveats
  • Supply blocks, unpowered buildings, or Contaminate may cause inaccurate times.
  • Supply counts are checked every 10 seconds.